 Dungeon Sprint DCSS version 0.28.0-43-g3370ac3207 (webtiles) character file.

Game seed: 10247665397731367071

25 smarlow the Magician (level 3, -3/25 HPs)
             Began as a Djinni Conjurer on Mar 11, 2022.
             Slain by an ogre
             ... wielding a +0 giant spiked club
              (24 damage)
             ... in the Dungeon (Sprint I: "Red Sonja").
             The game lasted 00:00:38 (159 turns).

smarlow the Magician (Djinni Conjurer)               Turns: 159, Time: 00:00:39

Health: -3/25      AC:  2    Str:  6    XL:     3   Next: 17%
Gold:   0          EV: 12    Int: 21    God:
                   SH:  0    Dex: 11

rFire   + + .      SeeInvis .     - Unarmed
rCold   x . .      Faith    .   (no shield)
rNeg    . . .      Spirit   .   a - +0 robe
rPois   ∞          Reflect  .   (no helmet)
rElec   .          Harm     .   (no cloak)
rCorr   .          Rampage  .   (no gloves)
Will    .....      NoTele   +   (boots unavailable)
Stlth   ++........              (no amulet)
HPRegen 0.08/turn               (no ring)
MPRegen 0.00/turn               (no ring)

@: flying
A: sickness immunity, fire resistance 2, cold vulnerability 1, float, innate
caster, HP casting, extra vitality 1
a: no special abilities


You were in the Dungeon.
You visited 1 branch

Inventory:

Armour
 a - a +0 robe (worn)
Wands
 d - a wand of charming (7)
Scrolls
 f - a scroll of blinking
Potions
 b - a potion of curing
 c - a potion of heal wounds


   Skills:
 - Level 2.1 Dodging
 - Level 1.5 Stealth
 + Level 1.0 Unarmed Combat
 + Level 5.4 Spellcasting


You couldn't memorise any spells.
You knew the following spells:

 Your Spells              Type           Power      Damage    Failure   Level
a - Magic Dart            Conj           100%       1d8       1%          1
b - Searing Ray           Conj           56%        2d6       1%          2
c - Dazzling Flash        Conj/Hex       56%        N/A       3%          3
d - Fulminant Prism       Conj/Hex       14%        3d9       11%         4
e - Iskenderun's Mystic   Conj/Tloc      28%        2d7       11%         4
f - Foxfire               Conj/Fire      100%       2x1d9     1%          1
Your spell library was empty.

Dungeon Overview and Level Annotations

Branches:
Dungeon (1/1)

Altars:


Innate Abilities, Weirdness & Mutations

You are immune to sickness and miasma.
You are immune to poison.
Your flesh is very heat resistant. (rF++)
You are vulnerable to cold. (rC-)
You float through the air rather than walking.
You learn spells naturally, not from books.
Your magical power is your life essence.
You have superior vitality. (+4 MHP)


Message History

Spell assigned to 'f'.
You are no longer berserk.
You are exhausted.
You feel yourself slow down.
d - a wand of charming (7)
There is an open door here.
Things that are here:
a +0 club; a +0 ring mail; the goblin corpse of Ijyb You start resting.
You feel less confused.
You start resting.
You feel yourself speed up.
You start resting.
Your extra speed is starting to run out.
You start resting.
You recover from your berserk rage.
You start resting.
You feel yourself slow down.
You start resting.
HP restored.
You start waiting.
Done waiting.
You reach down and open the door.
An ogre comes into view. It is wielding a +0 giant spiked club.
The ogre shouts!
Cast which spell? (? or * to list)
The spell is quite dangerous to miscast (3% risk of failure)!
Continue anyway?
Casting: Dazzling Flash (quite dangerous; 3% risk of failure)
Press: ? - help, Dir - look around, f - activate The ogre is dazzled.
Casting: Dazzling Flash (quite dangerous; 3% risk of failure)
Confirm with . or Enter, or press ? or * to list all spells.
The spell is quite dangerous to miscast (3% risk of failure)!
Continue anyway?
Okay, then.
Casting: Dazzling Flash (quite dangerous; 3% risk of failure)
Confirm with . or Enter, or press ? or * to list all spells.
You conjure some foxfire!
The ogre hits you with a +0 giant spiked club!!
Ouch! That really hurt!
You die...

##########
#<.#.O'..#
#..v@v#..+
#..#### +#
#..# #..#
#..# #⌠⌠#
####


You could see an ogre (blind, ally target).

Vanquished Creatures
  Ijyb (D)
1 creature vanquished.

Notes
Turn   | Place    | Note
-------+----------+-------------------------------------------
     0 | D        | smarlow the Djinni Conjurer began the quest for the Orb.
     0 | D        | Reached XP level 1. HP: 15/15 MP: 0/0
     3 | D        | Noticed Ijyb
    17 | D        | Killed Ijyb
    18 | D        | Reached skill level 1 in Unarmed Combat
    18 | D        | Reached skill level 5 in Spellcasting
    18 | D        | Reached XP level 2. HP: 21/21 MP: 0/0
    18 | D        | Reached XP level 3. HP: 25/25 MP: 0/0
    18 | D        | Learned a level 1 spell: Foxfire
   156 | D        | Noticed an ogre
   159 | D        | Slain by an ogre

Illustrated notes

Levels and vault maps discovered:
D:        dungeon_sprint_1 [red_sonja_temple_1, red_sonja_temple_small_1]

Skill      XL: |  1 |
---------------+----+-----
Unarmed Combat | 1 |  1.0
Spellcasting   | 5 |  5.4
Dodging        | |  2.1
Stealth        | |  1.5

Action                   || total
-------------------------++-------
Melee: Unarmed           ||    11
       Punch             ||     1
 Cast: Dazzling Flash    ||     1
       Foxfire           ||     1
  Use: Potion            ||     2
Armor: Robe              ||     1
Dodge: Dodged            ||     4
